 Dungeon Crawl Stone Soup version 0.29.1-15-g9cfb28693d (webtiles) character file.

Game seed: 4438561432013642859

28 croobank the Insei (level 3, 0/23 HPs)
             Began as an Octopode Transmuter on Mar 13, 2023.
             Slain by Sigmund
             ... wielding a +0 scythe
              (5 damage)
             ... on level 2 of the Dungeon.
             The game lasted 00:02:02 (1344 turns).

croobank the Insei (Octopode Transmuter)            Turns: 1344, Time: 00:02:02

Health: 0/23       AC:  1    Str:  9    XL:     3   Next: 12%
Magic:  3/6        EV: 13    Int: 17    God:
Gold:   43         SH:  0    Dex: 12    Spells: 3/6 levels left

rFire   . . .      SeeInvis .   a - +0 dagger (venom)
rCold   . . .      Faith    .   (no shield)
rNeg    . . .      Spirit   .   (helmet currently unavailable)
rPois   .          Reflect  .   (no amulet)
rElec   .          Harm     .   (no ring)
rCorr   .          Rampage  .   (no ring)
Will    .....                   (no ring)
Stlth   ++........              (no ring)
HPRegen 0.07/turn               (no ring)
MPRegen 0.10/turn               (no ring)
                                (no ring)
                                (no ring)

@: appendages (expiring), wereblooded
A: tentacle spike 3, almost no armour, amphibious, 8 rings, camouflage 1,
gelatinous body 1, (nimble swimmer 1), tentacles
a: End Transformation


You were on level 2 of the Dungeon.
One of your tentacles had grown a beastly spike.
You visited 1 branch of the dungeon, and saw 2 of its levels.

You collected 43 gold pieces.

Inventory:

Hand Weapons
 a - a +0 dagger of venom (weapon)
 b - a +0 sling
Scrolls
 c - a scroll of noise {unknown}
 d - a scroll of summoning {unknown}
 g - 2 scrolls of identify {unknown}
Potions
 e - a potion of attraction {unknown}
 f - a potion of lignification
 h - a potion of curing {unknown}
 i - a potion of cancellation {unknown}
 j - a potion of ambrosia {unknown}


   Skills:
 + Level 1.5 Fighting
 + Level 2.3 Dodging
 + Level 3.2 Unarmed Combat
 + Level 2.2 Spellcasting
 + Level 2.3 Transmutations


You had 3 spell levels left.
You knew the following spells:

 Your Spells              Type           Power      Damage    Failure   Level
a - Beastly Appendage     Tmut           20%        N/A       7%          1
b - Wereblood             Tmut           10%        N/A       11%         2

Your spell library contained the following spells:

 Spells                   Type           Power      Damage    Failure   Level
 Spider Form              Tmut/Pois      5%         N/A       34%         3
 Ice Form                 Ice/Tmut       5%         N/A       75%         4


Dungeon Overview and Level Annotations

Branches:
Dungeon (2/15)

Altars:

Annotations:
D:2 Sigmund


Innate Abilities, Weirdness & Mutations

One of your tentacles has grown a beastly spike.
You cannot wear most types of armour.
You are amphibious.
You can wear up to eight rings at the same time.
Your skin changes colour to match your surroundings (Stealth+).
Your rubbery body absorbs attacks. (AC +1, EV +1)
((You are camouflaged when in or above water. (Stealth+)))
You have tentacles for arms and can constrict up to eight enemies at once.


Message History

There is an open door here.
You open the door.
There is an open door here.
j - a fizzy cyan potion You open the door.
Found a stone staircase leading down.
There is an open door here.
g - 2 scrolls labelled QUOHYTR INAUC (gained 1)
Found a stone staircase leading down.
Found a stone staircase leading up.
There is a stone staircase leading down here.
You now have 43 gold pieces (gained 13).
There is a stone staircase leading down here.
As you open the door, it creaks loudly!
You hear a shout!
Sigmund the Dreaded comes into view.
He is wielding a +0 scythe.
Found 8 gold pieces and a scale mail.
Sigmund shouts!
There is an open door here.
There is a stone staircase leading down here.
Casting: Wereblood (safe; 11% risk of failure)
Confirm with . or Enter, or press ? or * to list all spells.
One of your tentacles grows a vicious spike.
Casting: Beastly Appendage (safe; 7% risk of failure)
Confirm with . or Enter, or press ? or * to list all spells.
Your blood is infused with primal strength.
Sigmund hits you from afar with a +0 scythe!
Sigmund barely misses you.
You hit Sigmund.
Sigmund is poisoned.
Your grab misses Sigmund.
You pierce Sigmund, but do no damage.
Your squeeze misses Sigmund.
Sigmund is lightly wounded.
You hit Sigmund. Your grab misses Sigmund.
Your tentacle spike misses Sigmund.
Sigmund is moderately wounded.
Sigmund hits you with a +0 scythe!
* * * LOW HITPOINT WARNING * * *
You hit Sigmund but do no damage.
Sigmund looks as sick as possible!
Your grab misses Sigmund. You squeeze Sigmund, but do no damage.
Sigmund is moderately wounded.
Your transformation is almost over.
Sigmund hits you with a +0 scythe.
You die...

#.#.# ####### #.#.#
[...... #.#.#
....... #.#.#
....... #.#.#
....... #.#.#
....... #.#.#
.......#######.#.#
.......@@>.....#.#
.........##.#<.....#
......... #.########
######......... #.#
.............$. #.#
............... #.#
.......######## #.#
.......# #.#
.......# #.#


You could see Sigmund (extremely poisoned).

Vanquished Creatures
  3 bats (D:1)
  5 endoplasms (D:1)
  2 goblins (D:1)
  2 hobgoblins (D:1)
  4 jackals (D:2)
  3 ball pythons (D:1)
  2 frilled lizards
  4 rats (D:1)
25 creatures vanquished.

Notes
Turn   | Place    | Note
-------+----------+-------------------------------------------
     0 | D:1      | croobank the Octopode Transmuter began the quest for the
                  | Orb.
     0 | D:1      | Reached XP level 1. HP: 13/13 MP: 3/3
   482 | D:1      | Reached XP level 2. HP: 18/18 MP: 3/5
   499 | D:1      | Found a faded altar of an unknown god.
   526 | D:1      | Learned a level 2 spell: Wereblood
  1075 | D:2      | Reached XP level 3. HP: 12/23 MP: 3/6
  1336 | D:2      | Noticed Sigmund
  1344 | D:2      | Slain by Sigmund

Illustrated notes

Levels and vault maps discovered:
D:1:      dpeg_arrival_round_a, layout_basic, hellmonk_ecumenical_altar_zigzags,
          hangedman_feature_mirror
D:2:      layout_basic, uniq_crazy_yiuf_cottage, uniq_sigmund

Action                   || total
-------------------------++-------
Melee: Unarmed           ||    20
       Kick              ||    11
       Constrict         ||     7
       Tentacles         ||     7
       Dagger            ||    18
 Fire: Sling             ||     5
 Cast: Beastly Appendage ||     8
       Wereblood         ||     5
 Stab: Sleeping          ||     5
Armor: Skin              ||     3
Dodge: Dodged            ||    16
